 Dungeon Crawl Stone Soup version 0.31.0-32-g396128a36d (webtiles) character file.

Game seed: 11804072742930981786

49 Dvallin the Changeling (level 3, 0/28 HPs)
             Began as a Draconian Shapeshifter on Mar 31, 2024.
             Was an Initiate of Gozag.
             Slain by Terence
             ... wielding a +0 mace
              (6 damage)
             ... on level 3 of the Dungeon.
             The game lasted 00:02:29 (1626 turns).

Dvallin the Changeling (Draconian Shapeshifter)     Turns: 1626, Time: 00:02:30

Health: 0/28       AC:  5    Str: 18    XL:     3   Next: 51%
Magic:  3/3        EV: 12    Int: 10    God:    Gozag
Gold:   118        SH:  0    Dex: 10    Spells: 2/2 levels left

rFire   . .          .
                       - Unarmed
rCold   . . .        (no shield)
rNeg    . . .        (body armour unavailable)
rPois   .            (helmet currently unavailable)
rElec   .            (cloak currently unavailable)
rCorr   .            (gloves currently unavailable)
SInv    .            (boots currently unavailable)
Will    .....        (no amulet)
Stlth   +            (no ring)
HPRegen 0.24/turn    (no ring)
MPRegen 0.08/turn

%: no passive effects
@: beast-form
A: beast (slay +2), AC +5, unfitting armour, cold-blooded
a: Begin Untransformation, Renounce Religion, Potion Petition, Call Merchant,
Bribe Branch


You were on level 3 of the Dungeon.
You worshipped Gozag.
Gozag was aware of your devotion.
You were a hulking beast.
You visited 1 branch of the dungeon, and saw 3 of its levels.

You collected 137 gold pieces.
You paid 19 gold pieces to Gozag.

Inventory:

Jewellery
 d - an amulet of faith
Talismans
 b - a beast talisman
 c - a flux talisman
Scrolls
 e - a scroll of fear {unknown}
 f - 2 scrolls of identify {unknown}
Potions
 a - 2 potions of lignification
 g - a potion of degeneration {unknown}
 h - a potion of cancellation {unknown}


   Skills:
 - Level 1.1 Fighting
 - Level 1.7 Dodging
 - Level 3.0 Unarmed Combat
 + Level 4.3 Shapeshifting


You had 2 spell levels left.
You didn't know any spells.
Your spell library was empty.

Dungeon Overview and Level Annotations

Branches:
Dungeon (3/15)

Altars:
Gozag

Annotations:
D:3 Terence


Innate Abilities, Weirdness & Mutations

You are a hulking beast.
Your limbs bulge with bestial killing power. (Slay +2)
Your plain brown scales are hard. (AC +5)
You cannot fit into any form of body armour.
You are cold-blooded and may be slowed by cold attacks.


Message History

You hit Terence.
Terence is lightly wounded.
Terence barely misses you.
You hit Terence but do no damage. You tail-slap Terence.
Terence is moderately wounded.
Terence misses you.
You completely miss Terence.
Terence is moderately wounded.
Terence hits you with a +0 mace.
You hit Terence.
Your tail-slap misses Terence.
Terence is heavily wounded.
Terence hits you but does no damage.
You hit Terence.
Terence is severely wounded.
Terence completely misses you.
You hit Terence but do no damage.
Terence is severely wounded.
Terence closely misses you.
You hit Terence but do no damage.
Terence is heavily wounded.
Terence hits you with a +0 mace.
You hit Terence.
Terence is severely wounded.
Terence hits you but does no damage.
You hit Terence. You tail-slap Terence.
Terence is severely wounded.
Terence hits you with a +0 mace.
You are too injured to fight recklessly!
You are too injured to fight recklessly!
You closely miss Terence.
Terence is severely wounded.
Terence hits you with a +0 mace!
* * * LOW HITPOINT WARNING * * *
You hit Terence but do no damage.
You tail-slap Terence, but do no damage.
Terence is severely wounded.
Terence hits you with a +0 mace.
You die...
Terence says, "Time to find some more victims."
Your body crumbles into a pile of gold.

...[.#. .....r.
#...... .......
..... #.# ...
.....#.##########
.........@h.....#
.###.#.###.####.#
#.#...).#
#.#.#.#.#
#.#.#.#.#
#.#.#.#.#
#.#.#.#.#
#.#.#.#.# #.#.#.#


You could see Terence.

Vanquished Creatures
  2 dart slugs
  A ribbon worm (D:2)
  4 ball pythons
  6 bats
  5 endoplasms
  A giant cockroach (D:1)
  6 goblins
  2 hobgoblins (D:1)
  A frilled lizard (D:1)
  10 kobolds
  2 rats (D:2)
40 creatures vanquished.

Notes
Turn   | Place    | Note
-------+----------+-------------------------------------------
     0 | D:1      | Dvallin the Draconian Shapeshifter began the quest for the
                  | Orb.
     0 | D:1      | Reached XP level 1. HP: 16/16 MP: 1/1
   203 | D:1      | Reached XP level 2. HP: 23/23 MP: 2/2
   844 | D:2      | Reached skill level 4 in Shapeshifting
   973 | D:2      | Reached XP level 3. HP: 28/28 MP: 3/3
   994 | D:2      | Found an opulent altar of Gozag.
  1288 | D:2      | Became a worshipper of Gozag Ym Sagoz the Greedy
  1604 | D:3      | Noticed Terence
  1626 | D:3      | Slain by Terence

Illustrated notes

Levels and vault maps discovered:
D:1:      ldierk_walled_garden, layout_loops_corners
D:2:      layout_loops_ring, basic_altar, minmay_small_reverse_x
D:3:      layout_basic, hellmonk_ecumenical_altar_blasted, uniq_terence

Skill      XL: |  1  2 |
---------------+-------+-----
Shapeshifting  | 4 |  4.3
Fighting       | |  1.1
Dodging        | |  1.7
Unarmed Combat | |  3.0

Action                     || total
---------------------------++-------
  Melee: Unarmed           ||   115
         Tailslap          ||    17
         Punch             ||     1
 Armour: Skin              ||    56
  Dodge: Dodged            ||    68
